 Dungeon Sprint DCSS version 0.23.1 (webtiles) character file.

Game seed: 15046269043054773001

18 Fang the Skirmisher (level 2, -13/30 HPs)
             Began as a Gargoyle Berserker on Mar 17, 2019.
             Was an Elder of Trog.
             Mangled by Prince Ribbit (17 damage)
             ... in the Dungeon (Sprint VII: "The Pits").
             The game lasted 00:00:21 (217 turns).

Fang the Skirmisher (Gargoyle Berserker)             Turns: 217, Time: 00:00:21

Health: -13/30     AC:  5    Str: 25    XL:     2   Next: 66%
Magic:  2/2        EV: 12    Int:  7    God:    Trog [****..]
Gold:   0          SH:  0    Dex:  9    Spells: 1/1 levels left

rFire    . . .     SeeInvis .   j - +2 hand axe
rCold    . . .     Gourm    .   (no shield)
rNeg     + . .     Faith    .   b - +0 animal skin
rPois    ∞         Spirit   .   (no helmet)
rElec    +         Reflect  .   (no cloak)
rCorr    .         Harm     .   (no gloves)
MR       .....     NoTele   +   (no boots)
Stlth    ..........             (no amulet)
HPRegen  0.10/turn              (no ring)
MPRegen  0.08/turn              (no ring)

@: berserking, very quick
A: negative energy resistance 1, electricity resistance, unbreathing,
petrification resistance, rot immunity, AC +2
a: Berserk, Trog's Hand, Brothers in Arms, Renounce Religion


You were in the Dungeon.
You worshipped Trog.
Trog was greatly pleased with you.
You were not hungry.

You visited 1 branch

Inventory:

Hand Weapons
 j - a +2 hand axe (weapon)
Armour
 b - a +0 animal skin (worn)
Scrolls
 i - a scroll of blinking
 k - 3 scrolls of remove curse
 l - a scroll of summoning
Potions
 a - 2 potions of invisibility
 d - a potion of curing
 e - a potion of heal wounds
 f - a potion of haste
 g - 4 potions of magic
 h - 3 potions of berserk rage
Comestibles
 c - 9 rations
 m - 3 chunks of flesh


   Skills:
 + Level 4.3 Fighting
 + Level 3.5 Axes
 + Level 3.5 Armour
 + Level 2.6 Dodging


You had one spell level left.
You didn't know any spells.
Your spell library was empty.

Dungeon Overview and Level Annotations

Branches:
Dungeon (1/1)

Altars:

Annotations:
D Prince Ribbit


Innate Abilities, Weirdness & Mutations

You are resistant to torment.
Your stone body is resilient. (AC +2)
You are immune to poison.
You resist negative energy. (rN+)
You are resistant to electric shocks. (rElec)
You can survive without breathing.
You are immune to petrification.
You are immune to rotting.


Message History

The ooze hits you but does no damage.
You hit Prince Ribbit but do no damage. You hit the ooze.
Prince Ribbit closely misses you. The ooze hits you but does no damage.
You hit the ooze.
You kill the ooze!
Trog accepts your kill.
You can now call in reinforcements.
You hit Prince Ribbit. Prince Ribbit closely misses you.
Prince Ribbit hits you!
Ouch! That really hurt!
* * * LOW HITPOINT WARNING * * *
You are too injured to fight recklessly!
A red film seems to cover your vision as you go berserk!
You feel yourself moving faster!
You feel mighty!
You feel a lot more hungry.
Prince Ribbit croaks regally.
Prince Ribbit closely misses you.
You closely miss Prince Ribbit.
Prince Ribbit is lightly wounded.
Prince Ribbit hits you!
Ouch! That really hurt!
You die...

#.....÷....†'.........
#+#####÷#####......#..
#..#..# #.........
#..)..# ####'#####
#..#### #.......#
#..#..# #.......#
#..#..# #.......#
##'#..#+###...<...#
#..@F....##.......#
#........##.......#
###########.......#
#########


You could see Prince Ribbit.

Vanquished Creatures
  An ooze (D)
  2 leopard geckos (D)
  A goblin (D)
  3 jackals (D)
  A bat (D)
  2 kobolds (D)
  A rat (D)
11 creatures vanquished.

Notes
Turn   | Place    | Note
-------+----------+-------------------------------------------
     0 | D        | Fang the Gargoyle Berserker began the quest for the Orb.
     0 | D        | Reached XP level 1. HP: 14/14 MP: 1/1
    55 | D        | Reached ** piety under Trog
   197 | D        | Reached XP level 2. HP: 18/20 MP: 2/2
   198 | D        | Reached *** piety under Trog
   198 | D        | Reached skill level 4 in Fighting
   211 | D        | Noticed Prince Ribbit
   215 | D        | Reached **** piety under Trog
   217 | D        | Mangled by Prince Ribbit

Skill      XL: |  1  2 |
---------------+-------+-----
Axes           | 3 |  3.5
Dodging        | 2 |  2.6
Armour         | 3 |  3.5
Fighting       | 4 |  4.3

Action                   || total
-------------------------++-------
Melee: Hand axe          ||    29
Invok: Berserk           ||     1
Armor: Animal skin       ||    16
Dodge: Dodged            ||    35
